AoeStats
← CLEVER GHOST

MegaRandom

509714715Analyzed
2v2 RM · 4d ago on Sep 27, 2026· 44m 1s· 4 players
Game mode
Random Map
Map size
Medium (4 player)
Population
200
Speed
Normal
Resources
Standard
Victory
Conquest
Starting age
Dark Age
Ending age
Imperial Age
RankedLock teamsTeams togetherTeam positionsShared explorationLock speedFull tech treeHidden civsTurbo modeCheats
Victory
Defeat
🇭🇺 Malians · Hungary
1338
+16
🇭🇺 Muisca · Hungary
1337
+16
🇵🇦 Slavs · Panama
1356
-17
🇲🇽 Hindustanis · Mexico
1312
-15
Troya
9:36 Feudal Age
10:20 Double-Bit Axe
12:10 Horse Collar
18:25 Loom
22:03 Castle Age
20:40 Scale Barding Armor
20:46 Forging
21:45 Bloodlines
25:51 Chain Barding Armor
27:36 Husbandry
28:04 Bow Saw
31:21 Gold Mining
35:08 Stone Mining
36:37 Iron Casting
43:12 Imperial Age
42:53 Fletching
CLEVER GHOST
1:12 Loom
10:32 Feudal Age
11:55 Wheelbarrow
11:07 Double-Bit Axe
19:36 Castle Age
18:37 Horse Collar
19:09 Scale Barding Armor
21:22 Chain Barding Armor
22:14 Bloodlines
26:06 Husbandry
30:19 Bow Saw
30:12 Heavy Plow
35:25 Forging
39:08 Iron Casting
40:55 Light Cavalry
szeb
9:21 Loom
11:47 Feudal Age
15:45 Castle Age
14:43 Bloodlines
18:31 Wheelbarrow
23:32 Forging
28:20 Husbandry
29:23 Double-Bit Axe
31:21 Scale Barding Armor
32:15 Bow Saw
31:49 Horse Collar
34:35 Fletching
36:40 Chain Barding Armor
39:07 Heavy Plow
42:42 Iron Casting
43:03 Bodkin Arrow
Rudolfking
9:13 Loom
10:58 Feudal Age
15:30 Castle Age
15:16 Fletching
16:06 Padded Archer Armor
15:36 Crossbowman
16:19 Double-Bit Axe
20:29 Bodkin Arrow
20:23 Horse Collar
21:51 Town Watch
27:54 Thumb Ring
29:03 Bow Saw
29:43 Wheelbarrow
29:39 Heavy Plow
31:14 Ballistics
32:14 Hand Cart
32:19 Gold Mining
38:23 Imperial Age
40:11 Bracer
40:41 Arbalester
41:36 Leather Archer Armor
Connection lost

Rejoining the realm…

Still unreachable

The connection could not be restored.

Session expired

The server has moved on; the page needs a fresh start.